 Dungeon Crawl Stone Soup version 0.24-b1-44-g37ad8b309f (webtiles) character file.

Game seed: 3380125389122613004, levelgen mode: deterministic

34642 Amplified the Peltast (level 13, -3/124 HPs)
             Began as a Deep Dwarf Fighter on Oct 24, 2019.
             Was an Elder of Makhleb.
             Slain by a spiny frog (10 damage)
             ... on level 1 of the Lair of Beasts.
             The game lasted 00:41:24 (14705 turns).

Amplified the Peltast (Deep Dwarf Fighter)         Turns: 14705, Time: 00:41:25

Health: -3/124     AC: 19    Str: 25    XL:     13   Next: 43%
Magic:  17/17      EV: 10    Int:  9    God:    Makhleb [****..]
Gold:   95         SH: 16    Dex: 12    Spells: 10/12 levels left

rFire    . . .     SeeInvis .   a - +2 war axe
rCold    + . .     Gourm    +   c - +2 shield
rNeg     + . .     Faith    .   i - +5 ring mail {rN+}
rPois    .         Spirit   .   q - +2 hat
rElec    .         Reflect  .   u - +0 cloak
rCorr    .         Harm     .   I - +0 pair of gloves of Wu Jian's Envy {rC+}
MR       +++..                  (no boots)
Stlth    +.........             h - amulet of the gourmand
HPRegen  0.00/turn              g - ring of protection from magic
MPRegen  0.15/turn              F - +1 ring of slaying

@: non-regenerating
A: damage resistance, heal wounds, iridescent scales 1, thin metallic scales 1,
magic resistance 1, sense surroundings 2, no regeneration
a: Heal Wounds, Minor Destruction, Lesser Servant of Makhleb, Major Destruction,
Renounce Religion


You were on level 1 of the Lair of Beasts.
You worshipped Makhleb.
Makhleb was greatly pleased with you.
You were completely stuffed.

You visited 3 branches of the dungeon, and saw 18 of its levels.
You also visited: Sewer.

You collected 1228 gold pieces.
You spent 1133 gold pieces at shops.

Inventory:

Hand Weapons
 a - a +2 war axe (weapon)
 m - the +9 hand crossbow of Reinforcement {elec, rPois Str-2 Int+5}
   (You bought it in a shop on level 6 of the Dungeon)

   It charges the ammunition it shoots with electricity; occasionally upon a
   hit, such missiles may discharge and cause terrible harm.
   It affects your strength (-2).
   It affects your intelligence (+5).
   It protects you from poison.
 r - the +1 war axe of the Modern Tales {speed, -Tele rElec Int+3 Dex+4}
   (You took it off a big kobold on level 12 of the Dungeon)

   Attacks with this weapon are significantly faster.
   It affects your intelligence (+3).
   It affects your dexterity (+4).
   It insulates you from electricity.
   It prevents most forms of teleportation.
Missiles
 b - 6 curare-tipped darts (quivered)
 p - 5 silver boomerangs
 s - 42 poisoned darts
Armour
 c - a +2 shield (worn)
 i - a +5 ring mail of positive energy (worn)
 q - a +2 hat (worn)
 u - a +0 cloak (worn)
 A - +0 swamp dragon scales
 G - a scarf of spirit shield
 I - the +0 pair of gloves of Wu Jian's Envy (worn) {rC+}
   (You found it on level 12 of the Dungeon)

   It protects you from cold.
Jewellery
 g - a ring of protection from magic (left hand)
 h - an amulet of the gourmand (around neck)
 k - an uncursed ring of stealth
 t - an uncursed ring of ice
 w - an uncursed ring of see invisible
 F - a +1 ring of slaying (right hand)
Wands
 n - a wand of random effects (16)
Scrolls
 e - 4 scrolls of remove curse
 j - 5 scrolls of teleportation
 v - 2 scrolls of immolation
 y - 4 scrolls of amnesia
 D - 5 scrolls of identify
Potions
 l - 2 potions of magic
 o - a potion of cancellation
 x - 2 potions of flight
 z - a potion of mutation
 B - 3 potions of brilliance
 C - 2 potions of curing
Miscellaneous
 d - a lightning rod (inert)
 H - a fan of gales (inert)
Comestibles
 f - 18 rations


   Skills:
 + Level 10.6 Fighting
 * Level 8.8 Axes
 - Level 12.0 Crossbows
 - Level 5.5 Armour
 - Level 15.0 Shields
 - Level 5.6 Invocations
 * Level 3.4 Evocations


You had 10 spell levels left.
You knew the following spells:

 Your Spells              Type           Power        Failure   Level  Hunger
a - Apportation           Tloc           #.....       52%         1    ##.....
b - Summon Butterflies    Summ           #.......     52%         1    ##.....

Your spell library contained the following spells:

 Spells                   Type           Power        Failure   Level  Hunger
 Sting                    Conj/Pois      #...         52%         1    ##.....
 Poisonous Vapours        Pois/Air       #.....       65%         2    ###....
 Lesser Beckoning         Tloc           #.........   87%         3    ####...
 Mephitic Cloud           Conj/Pois/Air  #.......     87%         3    ####...
 Tukima's Dance           Hex            #.......     87%         3    ####...
 Cause Fear               Hex            #.........   99%         4    #####..
 Olgreb's Toxic Radiance  Pois           #.......     99%         4    #####..
 Alistair's Intoxication  Tmut/Pois      #.......     100%        5    ######.
 Bolt of Magma            Conj/Fire/Erth #.........   100%        5    ######.
 Iskenderun's Battlesphe  Conj/Chrm      #.......     100%        5    ######.
 Silence                  Hex/Air        #.........   100%        5    ######.
 Venom Bolt               Conj/Pois      #.........   100%        5    ######.
 Yara's Violent Unravell  Hex/Tmut       #.........   100%        5    ######.
 Deflect Missiles         Chrm/Air       #.........   100%        6    #######
 Invisibility             Hex            #.......     100%        6    #######
 Iron Shot                Conj/Erth      #.........   100%        6    #######
 Orb of Destruction       Conj           #.........   100%        7    #######
 Spellforged Servitor     Conj/Summ      #.........   100%        7    #######
 Discord                  Hex            #.........   100%        8    #######


Dungeon Overview and Level Annotations

Branches:
Dungeon (15/15)            Temple (0/1) D:7            Lair (2/6) D:11
  Snake (0/4) Lair:2          Orc (1/2) D:11         Vaults (0/5) D:14
  Sewer (visited)
  Swamp: Lair:2-4    Shoals: Lair:2-4    Depths: D:15

Altars:
Cheibriados
Dithmenos
Gozag
Hepliaklqana
Kikubaaqudgha
Makhleb
Okawaru
Ru
Sif Muna
Trog
Xom
Yredelemnul
Zin

Shops:
D:6 (   D:11 }

Portals:
Trove: D:13 (give 17 potions of curing)

Annotations:
D:8 1 transporter, Ruokin's ghost, novice HOBe


Innate Abilities, Weirdness & Mutations

You are resistant to damage.
You can heal yourself by infusing magical energy.
You passively map the area around you.
You do not regenerate.
You are partially covered in iridescent scales. (AC +2)
You are partially covered in thin metallic scales. (AC +2)
You are resistant to hostile enchantments. (MR+)


Message History

You slash the yak!
The yak is heavily wounded.
You block the yak's attack.
You hit the yak but do no damage.
The yak is heavily wounded.
The yak gores you!
* * * LOW HITPOINT WARNING * * *
Evoke which item? (* to show all) (? for menu, Esc to quit)
Aiming: Random Effects
Press: ? - help, Shift-Dir - straight line, f - yak
Aim: a yak (heavily wounded)
The yak resists with significant effort.
You block the yak's attack.
Unknown command.
The yak gores you.
There is a stone staircase leading up here.
The yak gores you!
* * * LOW HITPOINT WARNING * * *
You climb upwards.
The spiny frog stings you!
You die...

### ###
###.#######.############*
*
...............F@Y.[....
, ,
........................,
,
.P####............#.....
*
........................
, ,
..P#.##.#.P###.####....$
,, .................
..... .........#.##.....
...P *,, ,
.................. ... ,
..........., * , , ,


You could see a yak and a spiny frog.

Vanquished Creatures
  A hydra (D:10)
  Fannar (D:10)
  Erolcha (D:13)
  Erica (D:11)
  3 centaur warriors (D:14)
  A tengu warrior (D:12)
  3 two-headed ogres
  A wizard (D:10)
  An ugly thing (D:13)
  3 deep elf magi
  4 manticores
  4 cyclopes
  3 centaur zombies
  Maurice (D:8)
  2 gargoyles
  2 spiny frogs
  4 kobold demonologists
  A freezing wraith (D:14)
  A meliai (D:10)
  7 trolls
  A tengu conjurer (D:10)
  A slime creature (D:12)
  3 hippogriffs
  3 shadows
  A spriggan (D:8)
  A wyvern (D:12)
  8 yaks
  A steam dragon (D:12)
  2 hungry ghosts
  2 vampire mosquitoes
  2 wargs (Orc:1)
  2 acid dragons
  A soldier ant (D:10)
  3 water moccasins
  8 orc warriors
  A hornet zombie (D:10)
  A black bear (D:10)
  4 ice beasts
  4 phantoms
  8 ogres
  A sky beast (D:10)
  2 necrophages
  11 centaurs
  5 crocodiles
  9 big kobolds
  15 bullfrogs
  5 gnoll sergeants (D:11)
  A wyvern zombie (D:12)
  A wyvern skeleton (D:8)
  6 scorpions
  9 killer bees
  14 wights
  3 howler monkeys
  A bullfrog zombie (D:10)
  A crimson imp (D:10)
  3 jellies
  7 orc priests
  2 quasits
  6 hounds
  A bullfrog skeleton (D:11)
  6 centaur skeletons
  8 orc wizards
  2 iguanas (D:12)
  7 worker ants
  A hound skeleton (D:5)
  2 human simulacra (D:10)
  A hound zombie (D:8)
  A worker ant zombie (D:10)
  6 gnolls (D:11)
  18 adders
  2 river rats
  5 shadow imps
  3 oozes
  2 adder zombies
  A worm (Sewer)
  5 leopard geckos
  57 orcs
  10 bats
  5 giant cockroaches
  5 goblins
  2 hobgoblins
  14 jackals
  25 kobolds
  5 quokkas
  6 ball pythons
  2 frilled lizards (D:5)
  A quokka skeleton (D:5)
  14 rats
421 creatures vanquished.

Vanquished Creatures (collateral kills)
  2 two-headed ogres (D:11)
  An unseen horror (D:12)
  2 ugly things (D:11)
  A cyclops (D:11)
  2 spiny frogs (Lair:1)
  A komodo dragon (Lair:1)
  A troll (D:13)
  A hippogriff (Lair:1)
  3 yaks (Lair:1)
  A wyvern (D:11)
  2 porcupines (Lair:1)
  A phantom (D:13)
  A bullfrog (D:13)
  A killer bee (D:8)
  A worker ant (D:11)
21 creatures vanquished.

Vanquished Creatures (others)
  Nergalle (D:11)
  2 howler monkeys (D:10)
  A bullfrog skeleton (D:10)
  An orc wizard (D:10)
  3 orcs (D:10)
  A quokka (D:12)
  2 fungi (D:11)
  A plant (D:3)
12 creatures vanquished.

Grand Total: 454 creatures vanquished

Notes
Turn   | Place    | Note
-------+----------+-------------------------------------------
     0 | D:1      | Amplified the Deep Dwarf Fighter began the quest for the
                  | Orb.
     0 | D:1      | Reached XP level 1. HP: 20/20 MP: 1/1
   335 | D:1      | Reached XP level 2. HP: 27/27 MP: 2/2
   697 | D:2      | Reached XP level 3. HP: 30/34 MP: 3/3
   838 | D:2      | Reached skill level 4 in Shields
   975 | D:2      | Found an opulent altar of Gozag.
  1202 | D:3      | Reached XP level 4. HP: 31/42 MP: 4/4
  1259 | D:3      | Found a glowing drain.
  1326 | Sewer    | Entered a sewer
  1358 | Sewer    | Gained mutation: You are partially covered in iridescent
                  | scales. (AC +2) [potion of mutation]
  1358 | Sewer    | Gained mutation: You are resistant to hostile enchantments.
                  | (MR+) [potion of mutation]
  1358 | Sewer    | Gained mutation: You are partially covered in thin metallic
                  | scales. (AC +2) [potion of mutation]
  1358 | Sewer    | Gained mutation: You can translocate small distances at
                  | will. [potion of mutation]
  1626 | Sewer    | Noticed a big kobold
  1635 | Sewer    | Killed a big kobold
  1635 | Sewer    | Reached XP level 5. HP: 37/50 MP: 5/5
  2489 | D:4      | Found a shimmering blue altar of Sif Muna.
  2495 | D:4      | Reached skill level 5 in Shields
  2498 | D:4      | Reached XP level 6. HP: 41/57 MP: 6/6
  2789 | D:4      | Found a burning altar of Makhleb.
  2793 | D:4      | Became a worshipper of Makhleb the Destroyer
  3266 | D:5      | Entered Level 5 of the Dungeon
  3521 | D:5      | Reached skill level 5 in Axes
  3521 | D:5      | Reached skill level 1 in Invocations
  3636 | D:5      | Found an iron altar of Okawaru.
  3681 | D:5      | Reached XP level 7. HP: 35/66 MP: 7/7
  4297 | D:5      | Found a shadowy altar of Dithmenos.
  4503 | D:6      | Reached skill level 5 in Fighting
  4503 | D:6      | Reached skill level 6 in Shields
  4689 | D:6      | Got an ichor-stained shortbow
  4778 | D:6      | Found Jira's Antique Weapon Boutique.
  4808 | D:6      | Bought a blackened hand crossbow for 195 gold pieces
  4808 | D:6      | Identified the +9 hand crossbow of Reinforcement {elec,
                  | rPois Str-2 Int+5} (You bought it in a shop on level 6 of
                  | the Dungeon)
  5251 | D:6      | Found a bloodstained altar of Trog.
  5371 | D:6      | Reached * piety under Makhleb
  5643 | D:6      | Reached skill level 1 in Crossbows
  5643 | D:6      | Reached XP level 8. HP: 13/75 MP: 10/10
  5688 | D:6      | Found a basalt altar of Yredelemnul.
  5973 | D:7      | Found a staircase to the Ecumenical Temple.
  5980 | D:7      | Got a crystal flail
  5988 | D:7      | Reached skill level 7 in Shields
  6173 | D:7      | Found an ancient bone altar of Kikubaaqudgha.
  6239 | D:7      | Found a hazy altar of Hepliaklqana.
  6239 | D:7      | Found a sacrificial altar of Ru.
  6336 | D:8      | Gained mutation: You passively map the area around you.
                  | [Deep Dwarf growth]
  6336 | D:8      | Reached XP level 9. HP: 55/85 MP: 12/12
  6400 | D:8      | Reached ** piety under Makhleb
  6434 | D:8      | Reached skill level 8 in Shields
  6501 | D:8      | Found a glowing silver altar of Zin.
  6504 | D:8      | Noticed an angel
  6517 | D:8      | Found a shimmering altar of Xom.
  6536 | D:8      | Found a transporter.
  6536 | D:8      | Found a transporter.
  6537 | D:8      | Noticed Ruokin's ghost (novice HOBe)
  6551 | D:8      | Reached skill level 5 in Crossbows
  6551 | D:8      | Reached skill level 5 in Invocations
  6598 | D:8      | Noticed Maurice
  6615 | D:8      | Killed Maurice
  6885 | D:9      | Noticed a manticore
  7001 | D:9      | Reached skill level 9 in Shields
  7095 | D:9      | Killed a manticore
  7246 | D:9      | Reached XP level 10. HP: 94/94 MP: 14/14
  7603 | D:10     | Entered Level 10 of the Dungeon
  7796 | D:10     | Reached *** piety under Makhleb
  7803 | D:10     | Reached skill level 10 in Shields
  7938 | D:10     | Noticed Fannar
  7971 | D:10     | Killed Fannar
  8144 | D:10     | Noticed a seven-headed hydra
  8145 | D:10     | Noticed a gargoyle
  8148 | D:10     | Killed a seven-headed hydra
  8148 | D:10     | Reached skill level 11 in Shields
  8152 | D:10     | Killed a gargoyle
  8188 | D:10     | Noticed a deep elf mage
  8191 | D:10     | Killed a deep elf mage
  8191 | D:10     | Reached XP level 11. HP: 80/100 MP: 15/15
  8207 | D:10     | Reached skill level 10 in Crossbows
  8245 | D:10     | Noticed a wizard
  8248 | D:10     | Killed a wizard
  8254 | D:10     | Reached skill level 12 in Shields
  8798 | D:11     | Reached **** piety under Makhleb
  8842 | D:11     | Found a staircase to the Orcish Mines.
  9056 | D:11     | Noticed a red ugly thing
  9060 | D:11     | Noticed a brown ugly thing
  9062 | D:11     | Noticed Nergalle
  9085 | D:12     | Got a pair of encrusted gloves
  9140 | D:12     | Identified the +1 war axe of the Modern Tales {speed, -Tele
                  | rElec Int+3 Dex+4}
  9162 | D:12     | Reached skill level 13 in Shields
  9170 | D:12     | Reached ***** piety under Makhleb
  9203 | D:12     | Noticed a deep elf mage
  9213 | D:12     | Killed a deep elf mage
  9284 | D:12     | Identified the +0 pair of gloves of Wu Jian's Envy {rC+}
                  | (You found it on level 12 of the Dungeon)
  9394 | D:12     | Noticed a tengu warrior
  9402 | D:12     | Killed a tengu warrior
  9402 | D:12     | Reached XP level 12. HP: 61/110 MP: 0/16
  9415 | D:12     | Noticed a two-headed ogre
  9515 | D:12     | Lost mutation: You can translocate small distances at will.
                  | [a neqoxec]
  9518 | D:12     | Killed a two-headed ogre
  9744 | D:12     | Identified the cursed +1 flail of the Pharaoh's Fist
                  | {crush, rF+ Stlth+} (You found it on level 7 of the
                  | Dungeon)
  9975 | D:11     | Killed Nergalle
  9975 | D:11     | Reached skill level 14 in Shields
 10090 | D:11     | Found a staircase to the Lair.
 10166 | D:11     | Noticed a two-headed ogre
 10179 | D:11     | Killed a two-headed ogre
 10199 | D:11     | Noticed Erica
 10212 | D:11     | Killed Erica
 10255 | D:11     | Noticed a two-headed ogre
 10255 | D:11     | Noticed a two-headed ogre
 10263 | D:11     | Killed a two-headed ogre
 10269 | D:11     | Killed a two-headed ogre
 10343 | D:11     | Found Naefagex's Gadget Boutique.
 10734 | Orc:1    | Entered Level 1 of the Orcish Mines
 10775 | Orc:1    | Noticed a two-headed ogre
 10788 | Orc:1    | Killed a two-headed ogre
 10956 | Lair:1   | Entered Level 1 of the Lair of Beasts
 10993 | D:11     | Bought a wand of clouds (5) for 378 gold pieces
 11138 | D:13     | Noticed Erolcha
 11148 | D:13     | Killed Erolcha
 11290 | D:13     | Reached skill level 15 in Shields
 11423 | D:13     | Found a portal to a secret trove of treasure.
 11502 | D:13     | Reached skill level 10 in Fighting
 11720 | D:13     | Learned a level 1 spell: Apportation
 11797 | D:13     | Learned a level 1 spell: Summon Butterflies
 12349 | D:14     | Reached XP level 13. HP: 118/123 MP: 1/17
 12919 | D:15     | Entered Level 15 of the Dungeon
 12971 | D:14     | Reached skill level 5 in Armour
 13081 | D:14     | Found a gate to the Vaults.
 13081 | D:14     | Noticed an ironheart preserver
 13158 | D:11     | Bought a lightning rod (4/4) for 560 gold pieces
 13242 | D:11     | Reached skill level 1 in Evocations
 13582 | D:8      | HP: 6/124 [killer bee (4)]
 14320 | Lair:1   | Found a snail-covered altar of Cheibriados.
 14425 | Lair:1   | HP: 1/124 [something (8)]
 14692 | Lair:2   | Found a staircase to the Snake Pit.
 14705 | Lair:1   | Slain by a spiny frog

Skill      XL: |  1  2  3  4  5  6  7  8  9 10 11 12 13 |
---------------+----------------------------------------+-----
Fighting       | 3 4 5 6 7 10 | 10.6
Axes           | 3 4 5 7 8 |  8.8
Shields        | 4 5 6 7 9 11 13 15 | 15.0
Invocations    | 1 2 4 5 |  5.6
Crossbows      | 1 4 6 9 12 | 12.0
Armour         | 5 |  5.5
Evocations     | 3 |  3.4

Action                   |  1- 3 |  4- 6 |  7- 9 | 10-12 | 13-15 || total
-------------------------+-------+-------+-------+-------+-------++-------
Melee: War axe           |   115 |   194 |    89 |   463 |   202 ||  1063
 Fire: Hand crossbow     |       |       |   140 |   242 |       ||   382
Throw: Dart              |       |       |       |    12 |     1 ||    13
       Boomerang         |       |       |       |       |     2 ||     2
Invok: Major Destruction |       |       |       |     1 |       ||     1
       Lesser Servant of |       |       |       |    10 |    17 ||    27
       Minor Destruction |       |       |       |       |     1 ||     1
 Abil: Heal Wounds       |       |     1 |       |       |     5 ||     6
Evoke: Wand              |       |     1 |     6 |    40 |    21 ||    68
       Lightning rod     |       |       |       |       |     4 ||     4
       Fan of gales      |       |       |       |       |     1 ||     1
  Use: Scroll            |     5 |     9 |    10 |    18 |     5 ||    47
       Potion            |       |     7 |     3 |    14 |       ||    24
 Stab: Confused          |       |     1 |     3 |     3 |       ||     7
       Sleeping          |       |     1 |     1 |       |       ||     2
       Paralysed         |       |       |       |     6 |       ||     6
       Distracted        |       |       |       |     1 |     1 ||     2
  Eat: Chunk             |     1 |    25 |    12 |    16 |    13 ||    67
Armor: Scale mail        |    59 |    75 |       |       |       ||   134
       Chain mail        |       |    12 |       |       |       ||    12
       Ring mail         |       |     6 |    44 |   173 |    77 ||   300
Dodge: Dodged            |    44 |    39 |    24 |   161 |    70 ||   338
Block: Shield            |    79 |   103 |    83 |   491 |   199 ||   955
